 Dungeon Crawl Stone Soup version 0.30-a0-845-g7c6808c8ce (webtiles) character file.

Game seed: 9442547962483367637

115 cforsyth the Sneak (level 5, -5/32 HPs)
             Began as a Kobold Brigand on Mar 2, 2023.
             Slain by a scorpion (6 damage)
             ... on level 4 of the Dungeon.
             The game lasted 00:01:56 (2238 turns).

cforsyth the Sneak (Kobold Brigand)                 Turns: 2238, Time: 00:01:56

Health: -5/32      AC:  4    Str:  8    XL:     5   Next: 20%
Magic:  5/5        EV: 15    Int: 12    God:
Gold:   138        SH:  0    Dex: 19    Spells: 4/4 levels left

rFire   . . .      SeeInvis .    a - +2 dagger
rCold   . . .      Faith    .    (no shield)
rNeg    + . .      Spirit   .    b - +0 robe
rPois   .          Reflect  .    (no helmet)
rElec   .          Rampage  .    c - +0 cloak
rCorr   .                        o - +0 pair of gloves
Will    .....                    (no boots)
Stlth   +++++                    (no amulet)
HPRegen 0.25/turn                t - ring of positive energy
MPRegen 0.09/turn                (no ring)

@: lethally poisoned (-5 -> -16)
A: small, no large weapons, nightstalker 3
a: no special abilities


You were on level 4 of the Dungeon.
You visited 1 branch of the dungeon, and saw 5 of its levels.

You collected 138 gold pieces.

Inventory:

Hand Weapons
 a - a +2 dagger (weapon)
Missiles
 d - 11 poisoned darts (quivered)
 e - 3 curare-tipped darts
Armour
 b - a +0 robe (worn)
 c - a +0 cloak (worn)
 o - a +0 pair of gloves (worn)
Jewellery
 m - a ring of ice
 t - a ring of positive energy (left hand)
Scrolls
 f - 2 scrolls of teleportation {unknown}
 h - 2 scrolls of fear {unknown}
 i - 2 scrolls of blinking {unknown}
 k - 2 scrolls of identify {unknown}
 l - a scroll of immolation {unknown}
 n - 2 scrolls of fog {unknown}
 p - 2 scrolls of poison {unknown}
 r - a scroll of magic mapping {unknown}
 s - a scroll of butterflies {unknown}
Potions
 g - 2 potions of brilliance {unknown}
 j - a potion of heal wounds
 q - a potion of magic {unknown}
 u - a potion of berserk rage {unknown}
 v - a potion of curing {unknown}


   Skills:
 + Level 3.2 Fighting
 + Level 4.0 Short Blades
 - Level 2.1 Throwing
 + Level 2.8 Dodging
 + Level 6.3 Stealth


You had 4 spell levels left.
You didn't know any spells.
Your spell library contained the following spells:

 Spells                   Type           Power      Damage    Failure   Level
 Sandblast                Erth           0%         2d4       32%         1
 Passwall                 Tmut/Erth      0%         N/A       45%         2
 Stone Arrow              Conj/Erth      0%         3d7       69%         3


Dungeon Overview and Level Annotations

Branches:
Dungeon (5/15)
 Temple: D:4-7

Altars:
Fedhas


Innate Abilities, Weirdness & Mutations

You are small and have problems with some larger weapons.
You are completely attuned to the shadows.


Message History

You closely miss the scorpion. The scorpion completely misses you.
You hit the scorpion but do no damage. The goblin hits you with a +0 dagger.
You hit the scorpion but do no damage.
The scorpion stings you but does no damage.
The goblin hits you with a +0 dagger.
You barely miss the scorpion. The scorpion closely misses you.
The goblin hits you with a +0 dagger.
You barely miss the scorpion. The scorpion stings you.
You are poisoned.
The scorpion poisons you! The goblin hits you with a +0 dagger.
You hit the scorpion.
The scorpion is lightly wounded.
You feel very sick. The scorpion completely misses you.
You hit the scorpion.
The scorpion is moderately wounded.
You feel sick.
The scorpion stings you but does no damage.
The goblin closely misses you.
You are too injured to fight recklessly!
You are too injured to fight recklessly!
You are too injured to fight recklessly!
You are too injured to fight recklessly!
You are too injured to fight recklessly!
You are too injured to fight recklessly!
You are too injured to fight recklessly!
You are too injured to fight recklessly!
You are too injured to fight recklessly!
The goblin attacks as you move away! The goblin closely misses you.
You feel sick. The scorpion completely misses you.
The scorpion attacks as you move away! The scorpion stings you!
* * * LOW HITPOINT WARNING * * *
You are lethally poisoned!
The scorpion poisons you!
* * * LOW HITPOINT WARNING * * *
You feel very sick. The scorpion stings you.
* * * LOW HITPOINT WARNING * * *
The scorpion attacks as you move away! The scorpion stings you.
You die...

#..........
###########.#.####.##
##.............# #.#
.....#######...# #.#
......# #.#.# #.#
......# ####.#.# #.##
......# #....### #...
#+###.# ###### ####
#@###### #.s.....
#.g..... #.......
#....... #.......


You could see a scorpion and a goblin.

Vanquished Creatures
  An iguana (D:2)
  3 adders
  2 dart slugs (D:2)
  4 orcs
  5 endoplasms
  4 giant cockroaches
  10 goblins
  4 hobgoblins
  2 kobolds (D:1)
  2 quokkas (D:2)
  6 ball pythons
  3 bats
  2 frilled lizards
  2 rats
50 creatures vanquished.

Vanquished Creatures (others)
  A plant (D:1)
1 creature vanquished.

Grand Total: 51 creatures vanquished

Notes
Turn   | Place    | Note
-------+----------+-------------------------------------------
     0 | D:1      | cforsyth the Kobold Brigand began the quest for the Orb.
     0 | D:1      | Reached XP level 1. HP: 12/12 MP: 1/1
   175 | D:1      | Reached XP level 2. HP: 18/18 MP: 2/2
   633 | D:1      | Reached XP level 3. HP: 22/22 MP: 3/3
   772 | D:1      | Found a faded altar of an unknown god.
   932 | D:2      | Found a blossoming altar of Fedhas.
   965 | D:2      | Reached skill level 6 in Stealth
   965 | D:2      | Reached XP level 4. HP: 22/27 MP: 4/4
  1129 | D:2      | Identified the +5 spear of Tuumees {protect, *Corrode *Slow
                  | +Blink rElec}
  1592 | D:3      | Reached XP level 5. HP: 32/32 MP: 5/5
  1898 | D:3      | You fall into a shaft and drop 2 floors!
  1898 | D:5      | Entered Level 5 of the Dungeon
  2237 | D:4      | HP: 1/32 [scorpion (3)]
  2238 | D:4      | Slain by a scorpion

Illustrated notes

Levels and vault maps discovered:
D:1:      minmay_arrival_up_and_down, layout_loops_ring,
          dilly_ecumenical_altar_fadedgnrine, minmay_shallow_snake_nest
D:2:      layout_rooms, basic_altar, minmay_pentomino_o4
D:3:      layout_basic
D:4:      layout_basic, kennysheep_little_box, gammafunk_ghost_smash,
          minmay_ogre_servants
D:5:      layout_basic, ebering_ghost_rock_garden, uniq_edmund

Skill      XL: |  1  2  3  4  5 |
---------------+----------------+-----
Short Blades   | 3 4 |  4.0
Dodging        | 2 |  2.8
Stealth        | 6 |  6.3
Fighting       | 3 |  3.2
Throwing       | |  2.1

Action                     |  1- 3 |  4- 6 || total
---------------------------+-------+-------++-------
  Melee: Dagger            |    48 |    62 ||   110
         Punch             |       |     1 ||     1
    Use: Potion            |       |     1 ||     1
   Stab: Sleeping          |    18 |    10 ||    28
 Armour: Robe              |     4 |    20 ||    24
  Dodge: Dodged            |    13 |    42 ||    55

Table legend: (Time is in decaauts)
 A = Elapsed time spent in this place.
 B = Non-inter-level travel time spent in this place.
 C = Inter-level travel time spent in this place.
 D = Time resting spent in this place.
 E = Time spent auto-exploring this place.
 F = Levels seen in this place.
 G = Mean time per level.
                   A        B        C        D        E       F      G
               +--------+--------+--------+--------+--------+-----+--------+
         Total |   2217 |   2063 |    154 |      0 |   1766 |   5 |  443.4 |
       Dungeon |   2217 |   2063 |    154 |      0 |   1766 |   5 |  443.4 |
               +--------+--------+--------+--------+--------+-----+--------+

Top non-repeatable levels by time:
     D:1: 889 daAuts
     D:2: 645 daAuts
     D:3: 345 daAuts
     D:5: 218 daAuts
     D:4: 118 daAuts
